 Dungeon Crawl Stone Soup version 0.27.0-1-g7a089689b8 (webtiles) character file.

Game seed: 8401721516504599424

13 Spectrina the Ducker (level 2, 0/18 HPs)
             Began as a Deep Elf Monk on Aug 6, 2021.
             Was a Believer of Vehumet.
             Frozen to death by an endoplasm (4 damage)
             ... on level 1 of the Dungeon.
             The game lasted 00:03:29 (282 turns).

Spectrina the Ducker (Deep Elf Monk)                 Turns: 282, Time: 00:03:29

Health: 0/18       AC:  2    Str:  8    XL:     2   Next: 24%
Magic:  5/7        EV: 13    Int: 14    God:    Vehumet [**....]
Gold:   42         SH:  0    Dex: 17    Spells: 4/6 levels left

rFire    . . .     SeeInvis .   f - +2 dagger (speed)
rCold    . . .     Faith    .   (no shield)
rNeg     . . .     Spirit   .   b - +0 robe
rPois    .         Reflect  .   (no helmet)
rElec    .         Harm     .   (no cloak)
rCorr    .         Rampage  .   (no gloves)
Will     .....                  (no boots)
Stlth    ++........             (no amulet)
HPRegen  0.06/turn              (no ring)
MPRegen  0.10/turn              (no ring)

@: no status effects
A: no striking features
a: Renounce Religion


You were on level 1 of the Dungeon.
You worshipped Vehumet.
Vehumet was pleased with you.
You visited 1 branch of the dungeon, and saw 2 of its levels.

You collected 42 gold pieces.

Inventory:

Hand Weapons
 a - a +0 short sword
 c - a +0 dagger
 f - a +2 dagger of speed (weapon)
Armour
 b - a +0 robe (worn)
Scrolls
 d - 2 scrolls of identify {unknown}
Potions
 e - 2 potions of brilliance


   Skills:
 - Level 2.4 Fighting
 - Level 3.0 Short Blades
 - Level 3.6 Dodging
 - Level 2.4 Stealth
 + Level 2.7 Spellcasting


You had 4 spell levels left.
You knew the following spells:

 Your Spells              Type           Power      Damage    Failure   Level
a - Freeze                Ice            4%         1d3       22%         1
b - Foxfire               Conj/Fire      4%         2x1d4     22%         1

Your spell library contained the following spells:

 Spells                   Type           Power      Damage    Failure   Level


Dungeon Overview and Level Annotations

Branches:
Dungeon (2/15)

Altars:
Vehumet


Message History

A dart slug comes into view.
The helpless dart slug fails to defend itself.
You puncture the dart slug!
You kill the dart slug!
Vehumet accepts your kill.
Vehumet offers you knowledge of Foxfire.
Memorise Foxfire, consuming 1 spell level and leaving 4?
Vehumet grants you knowledge of Foxfire.
You start memorising the spell.
You continue memorising.
You finish memorising.
You add the spell Foxfire to your library.
Spell assigned to 'b'.
Unknown command.
Found a tower shield.
A goblin comes into view. It is wielding a +0 club.
An endoplasm and a goblin come into view.
The endoplasm quivers.
A hobgoblin comes into view.
The endoplasm freezes you.
You are frozen.
Cast which spell? (? or * to list)
Aiming: Freeze (safe; 22% risk of failure)
Press: ? - help, Shift-Dir - straight line, f - endoplasm
Aim: an endoplasm You freeze the endoplasm.
The endoplasm is lightly wounded.
The endoplasm freezes you.
You are frozen.
* * * LOW HITPOINT WARNING * * *
Casting: Freeze (safe; 22% risk of failure)
Confirm with . or Enter, or press ? or * to list all spells.
Aiming: Freeze (safe; 22% risk of failure)
Press: ? - help, Shift-Dir - straight line, f/p - endoplasm
Aim: an endoplasm (lightly wounded)
You freeze the endoplasm.
The endoplasm is heavily wounded.
The goblin shouts!
The endoplasm freezes you.
You are frozen.
You die...

.. ###.....#
## .... ...+
... #...
...##.#
#..#+#g....#
#..#.#.....#
#..# ......#
#..###J.[.#
#.....@...+
#.####....#
#.# #....#
#.# .......#
#.# .g.....#
.. #.#
......g.# ...
#.# ........#
....
#.#.........#
#..#####.#


You could see an endoplasm, a hobgoblin (wandering) and 2 goblins.

Vanquished Creatures
  A dart slug (D:1)
  2 endoplasms (D:1)
  3 jackals (D:1)
  A kobold (D:1)
  A quokka (D:1)
  A goblin (D:1)
9 creatures vanquished.

Notes
Turn   | Place    | Note
-------+----------+-------------------------------------------
     0 | D:1      | Spectrina the Deep Elf Monk began the quest for the Orb.
     0 | D:1      | Reached XP level 1. HP: 13/13 MP: 3/3
    53 | D:1      | Reached skill level 1 in Spellcasting
   160 | D:1      | Found a faded altar of an unknown god.
   191 | D:1      | Reached XP level 2. HP: 5/18 MP: 7/7
   194 | D:1      | Became a worshipper of Vehumet
   194 | D:1      | Reached * piety under Vehumet
   194 | D:1      | Offered knowledge of Freeze by Vehumet.
   194 | D:1      | Reached ** piety under Vehumet
   221 | D:1      | Learned a level 1 spell: Freeze
   261 | D:1      | Offered knowledge of Foxfire by Vehumet.
   266 | D:1      | Learned a level 1 spell: Foxfire
   282 | D:1      | Frozen to death by an endoplasm

Illustrated notes

Levels and vault maps discovered:
D:1:      onia_arrival_mini_spirals, layout_basic,
          shapermc_ecumenical_altar_mp_highgroup
D:2:      layout_basic, serial_park_tiny_2, uniq_robin

Skill      XL: |  1 |
---------------+----+-----
Spellcasting   | 2 |  2.7
Fighting       | |  2.4
Short Blades   | |  3.0
Dodging        | |  3.6
Stealth        | |  2.4

Action                   || total
-------------------------++-------
Melee: Dagger            ||    21
       Short sword       ||    12
 Cast: Freeze            ||     2
  Use: Potion            ||     1
 Stab: Sleeping          ||     3
Armor: Robe              ||     2
Dodge: Dodged            ||    16
